cohdb
Replays
Latest Replays
All Replays
Popular Replays
Top Player Replays
Match Explorer
How It Works
Community
CoH3 Stats
Reddit
Sign in to upload your games and track your stats! →
Sign in with Steam
Match 46651130
Unlisted
Match 46651130
Overview
Messages
Build Orders
End
Vickers Machine Gun Team
Construct Section Command Post
Selects Heavy Armor Battlegroup
Royal Engineer Section
Infantry Section
Infantry Section
Construct Platoon Command Post
Humber Armored Car
Construct Field Infirmary
Selects Light Vehicle Withdraw and Refit
Selects Engineer Detachments
Selects Rigorous Vehicle Training
Selects Light Vehicle Withdraw and Refit
Humber Armored Car
Angrybirds
ProxyFox
Lardt
Ashur
0
0
Comments
sign in to comment!
No comments posted yet!